 Dungeon Crawl Stone Soup version 0.26.0-10-g1f06aea511 (webtiles) character file.

Game seed: 14392984136005863885

86 Dracia the Grasshopper (level 4, -15/38 HPs)
             Began as a Gnoll Warper on Jan 15, 2021.
             Demolished by an ogre
             ... wielding a +0 giant club
              (25 damage)
             ... on level 4 of the Dungeon.
             The game lasted 00:03:05 (2588 turns).

Dracia the Grasshopper (Gnoll Warper)               Turns: 2588, Time: 00:03:06

Health: -15/38     AC:  5    Str: 20    XL:     4   Next: 50%
Magic:  11/11      EV: 14    Int: 16    God:
Gold:   87         SH:  0    Dex: 14    Spells: 1/13 levels left

rFire    . . .     SeeInvis .   a - +0 falchion
rCold    . . .     Faith    .   (no shield)
rNeg     . . .     Spirit   .   b - +0 leather armour
rPois    .         Reflect  .   o - +1 helmet
rElec    .         Harm     .   (no cloak)
rCorr    .         Rampage  .   (no gloves)
Will     .....                  (no boots)
Stlth    +.........             (no amulet)
HPRegen  0.12/turn              S - +6 ring of strength
MPRegen  0.12/turn              L - ring of flight

@: no status effects
A: distributed training, fangs 1, strong nose
a: Evoke Flight


You were on level 4 of the Dungeon.
You visited 1 branch of the dungeon, and saw 4 of its levels.

You collected 87 gold pieces.


Innate Abilities, Weirdness & Mutations

Your experience applies equally to all skills.
You have very sharp teeth.
Your uncanny sense of smell can sniff out nearby items.


   Skills:
 + Level 4.6 Fighting
 + Level 1.1 Short Blades
 + Level 4.6 Long Blades
 + Level 1.1 Axes
 + Level 1.1 Maces & Flails
 + Level 1.1 Polearms
 + Level 1.1 Staves
 + Level 1.1 Slings
 + Level 1.1 Bows
 + Level 1.1 Crossbows
 + Level 2.7 Throwing
 + Level 2.7 Armour
 + Level 4.6 Dodging
 + Level 1.1 Stealth
 + Level 1.1 Shields
 + Level 1.1 Unarmed Combat
 + Level 5.1 Spellcasting
 + Level 0.9 Conjurations
 + Level 0.9 Hexes
 + Level 0.9 Summonings
 + Level 0.9 Necromancy
 + Level 5.4 Translocations
 + Level 0.9 Transmutations
 + Level 0.9 Fire Magic
 + Level 0.9 Ice Magic
 + Level 0.9 Air Magic
 + Level 0.9 Earth Magic
 + Level 0.9 Poison Magic
 + Level 1.2 Invocations
 + Level 1.1 Evocations


You had one spell level left.
You knew the following spells:

 Your Spells              Type           Power        Failure   Level
g - Gell's Gravitas       Tloc           10%          5%          3
l - Lesser Beckoning      Tloc           10%          5%          3
u - Passage of Golubria   Tloc           N/A          19%         4
I - Blink                 Tloc           N/A          2%          2

Your spell library contained the following spells:

 Spells                   Type           Power        Failure   Level
 Teleport Other           Tloc           21%          5%          3

Inventory:

Hand Weapons
 a - a +0 falchion (weapon)
Missiles
 e - 2 boomerangs of dispersal (quivered) {=f=f}
Armour
 b - a +0 leather armour (worn)
 o - a +1 helmet (worn)
Jewellery
 L - a ring of flight (right hand)
 S - a +6 ring of strength (left hand)
Scrolls
 c - 7 scrolls of remove curse {unknown}
 d - a scroll of blinking
 f - 2 scrolls of teleportation {unknown}
 k - a scroll of magic mapping {unknown}
 m - 2 scrolls of identify {unknown}
 p - 2 scrolls of immolation {unknown}
 q - a scroll of random uselessness {unknown}
Potions
 g - a potion of curing {unknown}
 h - a potion of attraction {unknown}
 i - a potion of brilliance {unknown}
 j - a potion of haste {unknown}
 l - 3 potions of degeneration {unknown}
 n - a potion of invisibility {unknown}
 r - a potion of flight {unknown}

Dungeon Overview and Level Annotations

Branches:
Dungeon (4/15)
 Temple: D:4-7

Altars:
Elyvilon
Fedhas

Annotations:
D:4 Dracia's ghost, amateur GnWz

....... .......##
........######## .
........#.<....###.#
........#..........#
O.......#..........#
........#..........#
..........>......(.#
#########.O@......(.
#.(Zo. #...........
#..?? #...........
#..#. g#......#####
#.#o #.#.##.### #..#
#..#.##..
....#.###.. .)..#.#
##.


You could see an ogre and a gnoll.


Message History

The orc barely misses you.
You closely miss the orc. You bite the orc.
You kill the orc!
Found 17 poisoned darts.
Things that are here:
a +0 hand axe; an orc corpse You miss the quokka.
The quokka barely misses you. The quokka bites you.
You barely miss the quokka. The quokka barely misses you.
Your leather armour prevents you from hitting the quokka.
The quokka completely misses you.
You riposte.
You closely miss the quokka. Your bite misses the quokka. You hit the quokka.
You kill the quokka!
The ogre closely misses you.
Things that are here:
a +0 hand axe; an orc corpse You closely miss the ogre.
The ogre is lightly wounded.
The ogre hits you with a +0 giant club!!
Ouch! That really hurt!
* * * LOW HITPOINT WARNING * * *
You slash the ogre!
The ogre is heavily wounded.
The ogre closely misses you.
You riposte.
You slash the ogre!
The ogre is severely wounded.
You hit the ogre.
The ogre is almost dead.
The ogre hits you with a +0 giant club!!
Ouch! That really hurt!
You die...

Skill      XL: |  1  2  3 |
---------------+----------+-----
Spellcasting   | 5 |  5.1
Invocations    | 1 |  1.2
Short Blades   | 1 |  1.1
Axes           | 1 |  1.1
Maces & Flails | 1 |  1.1
Polearms       | 1 |  1.1
Staves         | 1 |  1.1
Slings         | 1 |  1.1
Bows           | 1 |  1.1
Crossbows      | 1 |  1.1
Stealth        | 1 |  1.1
Shields        | 1 |  1.1
Unarmed Combat | 1 |  1.1
Evocations     | 1 |  1.1
Fighting       | |  4.6
Long Blades    | |  4.6
Throwing       | |  2.7
Armour         | |  2.7
Dodging        | |  4.6
Conjurations   | |  0.9
Hexes          | |  0.9
Summonings     | |  0.9
Necromancy     | |  0.9
Translocations | |  5.4
Transmutations | |  0.9
Fire Magic     | |  0.9
Ice Magic      | |  0.9
Air Magic      | |  0.9
Earth Magic    | |  0.9
Poison Magic   | |  0.9

Action                   |  1- 3 |  4- 6 || total
-------------------------+-------+-------++-------
Melee: Falchion          |    66 |    64 ||   130
       Bite              |     6 |     5 ||    11
       Punch             |       |     1 ||     1
Throw: Boomerang         |       |     3 ||     3
 Stab: Distracted        |     1 |       ||     1
Armor: Leather armour    |    18 |     8 ||    26
Dodge: Dodged            |    64 |    36 ||   100
       Rpst.: Falchion   |    20 |    11 ||    31

Levels and vault maps discovered:
D:1:      lemuel_arrival_muddy, layout_rooms, hangedman_decor_clover_reticule
D:2:      layout_basic, overflow_temple_1_default
D:3:      layout_loops_corners, minmay_misc_feat_secret_circle, fedhas_altar_1
D:4:      minmay_wonky_spiral, layout_rooms, pdpol_wu_jian_five_deadly_venoms,
          kennysheep_little_box, minmay_temple_entry_offerings, serial_shops,
          shop_statue, gammafunk_ghost_split

Notes
Turn   | Place    | Note
-------+----------+-------------------------------------------
     0 | D:1      | Dracia the Gnoll Warper began the quest for the Orb.
     0 | D:1      | Reached XP level 1. HP: 20/20 MP: 6/6
   182 | D:1      | Reached XP level 2. HP: 26/26 MP: 7/7
   521 | D:1      | Reached XP level 3. HP: 31/31 MP: 9/9
   524 | D:1      | Reached skill level 5 in Spellcasting
   771 | D:1      | Learned a level 2 spell: Blink
   775 | D:1      | Learned a level 3 spell: Gell's Gravitas
   779 | D:1      | Learned a level 3 spell: Lesser Beckoning
   938 | D:2      | Reached skill level 1 in Invocations
  1188 | D:2      | Found a white marble altar of Elyvilon.
  1231 | D:2      | Reached skill level 1 in Short Blades
  1231 | D:2      | Reached skill level 1 in Axes
  1231 | D:2      | Reached skill level 1 in Maces & Flails
  1231 | D:2      | Reached skill level 1 in Polearms
  1231 | D:2      | Reached skill level 1 in Staves
  1231 | D:2      | Reached skill level 1 in Slings
  1231 | D:2      | Reached skill level 1 in Bows
  1231 | D:2      | Reached skill level 1 in Crossbows
  1231 | D:2      | Reached skill level 1 in Stealth
  1231 | D:2      | Reached skill level 1 in Shields
  1231 | D:2      | Reached skill level 1 in Unarmed Combat
  1231 | D:2      | Reached skill level 1 in Evocations
  1231 | D:2      | Reached XP level 4. HP: 33/38 MP: 11/11
  1868 | D:2      | Learned a level 4 spell: Passage of Golubria
  2246 | D:3      | Found a blossoming altar of Fedhas.
  2568 | D:4      | Noticed an ogre
  2569 | D:4      | Noticed an orc warrior
  2570 | D:4      | Noticed Dracia's ghost (amateur GnWz)
  2588 | D:4      | Demolished by an ogre

Vanquished Creatures
  An adder (D:2)
  2 oozes (D:1)
  3 worms (D:2)
  2 dart slugs (D:1)
  A leopard gecko (D:1)
  An orc (D:4)
  2 ball pythons
  3 giant cockroaches
  6 goblins
  6 hobgoblins
  7 kobolds
  A quokka (D:4)
  8 bats
  6 frilled lizards
  4 rats
53 creatures vanquished.

Table legend: (Time is in decaauts)
 A = Elapsed time spent in this place.
 B = Non-inter-level travel time spent in this place.
 C = Inter-level travel time spent in this place.
 D = Time resting spent in this place.
 E = Time spent auto-exploring this place.
 F = Levels seen in this place.
 G = Mean time per level.
                   A        B        C        D        E       F      G
               +--------+--------+--------+--------+--------+-----+--------+
         Total |   2597 |   2518 |     79 |    394 |   1769 |   4 |  649.2 |
       Dungeon |   2597 |   2518 |     79 |    394 |   1769 |   4 |  649.2 |
               +--------+--------+--------+--------+--------+-----+--------+

Top non-repeatable levels by time:
     D:2: 1047 daAuts
     D:1: 866 daAuts
     D:3: 659 daAuts
     D:4: 24 daAuts

Table legend:
 A = Non-vault XP
 B = Vault XP
 C = Vault XP percentage of total XP
 D = Non-vault monster count
 E = Vault monster count
 F = Vault count percentage of total count
                 A         B        C        D         E       F
            +---------+---------+-------+---------+---------+-------
      Total |     124 |       0 |   0.0 |      53 |       0 |   0.0
            +---------+---------+-------+---------+---------+-------
        D:1 |      46 |       0 |   0.0 |      18 |       0 |   0.0
        D:2 |      62 |       0 |   0.0 |      26 |       0 |   0.0
        D:3 |      11 |       0 |   0.0 |       7 |       0 |   0.0
        D:4 |       5 |       0 |   0.0 |       2 |       0 |   0.0
            +---------+---------+-------+---------+---------+-------
